 Dungeon Crawl Stone Soup version bcrawl-1.19.2-6-g6a88ae04c9 (webtiles) character file.

Game seed: 4353825022116855276

88 Mrkan the Cudgeler (level 4, 0/49 HPs)
             Began as an Ogre Berserker on Jan 14, 2020.
             Was a Believer of Trog.
             Succumbed to Ijyb's poison
             ... on level 3 of the Dungeon.
             The game lasted 00:02:57 (2859 turns).

Mrkan the Cudgeler (Ogre Berserker)                 Turns: 2859, Time: 00:02:58

Health: 0/49       AC: 12    Str: 22    XL:     4   Next: 54%
Magic:  4/4        EV: 19    Int:  8    God:    Trog [**....]
Gold:   199        SH:  0    Dex:  8    Spells: 3/3 levels left

rFire    . . .     SeeInvis .   (weapon currently unavailable)
rCold    . . .     Gourm    .   (shield currently unavailable)
rNeg     + + +     Faith    .   (armour currently unavailable)
rPois    +         Spirit   .   (helmet currently unavailable)
rElec    .         Reflect  .   (cloak currently unavailable)
rCorr    .         Harm     .   (gloves unavailable)
MR       .....                  (boots unavailable)
Stlth    +.........             (no amulet)
HPRegen  0.16/turn              (no ring)
MPRegen  0.09/turn              (no ring)

@: lethally poisoned (0 -> -2), fungus-form, berserk cooldown, slowed, lightly
drained, very slow
A: tiny, unfitting armour
a: Berserk, Trog's Hand, Renounce Religion


You were on level 3 of the Dungeon.
You worshipped Trog.
Trog was pleased with you.
You were hungry.
You were a sentient fungus.
You visited 1 branch of the dungeon, and saw 3 of its levels.

You collected 199 gold pieces.

Inventory:

Hand Weapons
 a - a +0 mace (melded)
Armour
 b - a +0 animal skin (melded)
Jewellery
 j - an uncursed ring of see invisible {unknown}
Scrolls
 d - 4 scrolls of identify {unknown}
 e - a scroll of enchant weapon {unknown}
 f - a scroll of remove curse {unknown}
 i - 2 scrolls of amnesia {unknown}
 k - a scroll of blinking {unknown}
Potions
 g - a potion of lignification {unknown}
 h - 4 potions of curing {unknown}
 m - a potion of might {unknown}
 n - a potion of magic {unknown}
Comestibles
 c - 4 rations {!d}


   Skills:
 + Level 4.9(4.6) Fighting
 * Level 5.1(4.8) Maces & Flails
 + Level 1.3(1.0) Armour
 - Level 2.6(2.4) Dodging


You had 3 spell levels left.
You didn't know any spells.
Your spell library was empty.

Dungeon Overview and Level Annotations

Branches:
Dungeon (3/12)

Altars:
Nemelex Xobeh
Qazlal
Trog
Yredelemnul

Annotations:
D:3 1 runed translucent door, Ijyb; yrara's ghost, amateur GrFi


Innate Abilities, Weirdness & Mutations

You are too large for most types of armour.
((You have tough skin. (AC +1)))


Message History

* * * LOW HITPOINT WARNING * * *
You feel sick.
Ijyb zaps a wand.
You turn into a sentient fungus.
Your +0 mace melds into your body.
Your +0 animal skin melds into your body.
The orc barely misses you. Ijyb completely misses you.
The orc barely misses you.
You release spores at Ijyb but do no damage.
Ijyb appears confused.
Ijyb is moderately wounded.
* * * LOW HITPOINT WARNING * * *
You feel sick. Ijyb closely misses you. The orc hits you but does no damage.
You catch the helpless Ijyb completely off-guard!
You release spores at Ijyb but do no damage.
Ijyb appears confused.
Ijyb is moderately wounded.
Ijyb barely misses you. The orc misses you. Ijyb hits you but does no damage.
You release spores at Ijyb but do no damage.
Ijyb appears confused.
Ijyb is moderately wounded.
You die...

###########
##.........#####
#..o..§.§≈..§..#
#.#gf..≈§§..≈..# #
#..≈≈§≈≈≈.§§.#####
#..≈#≈#≈##...#...#
#....≈≈≈≈#...#...##
#...#≈§_≈#≈........
#...#≈>.§§≈........
#..≈≈§≈≈≈≈≈≈.......
#..≈≈ ###≈≈..#...##
..≈...#...#


You could see Ijyb (confused) and an orc.

Vanquished Creatures
  An adder (D:3)
  A dart slug (D:2)
  3 worms
  5 leopard geckos
  An orc (D:3)
  A giant cockroach (D:1)
  7 goblins
  4 hobgoblins
  12 jackals
  A quokka (D:3)
  3 ball pythons
  8 bats
  2 frilled lizards
  6 kobolds
  5 rats
60 creatures vanquished.

Notes
Turn   | Place    | Note
-------+----------+-------------------------------------------
     0 | D:1      | Mrkan the Ogre Berserker began the quest for the Orb.
     0 | D:1      | Reached XP level 1. HP: 24/24 MP: 1/1
    90 | D:1      | Reached XP level 2. HP: 9/32 MP: 2/2
   163 | D:1      | Reached skill level 4 in Maces & Flails
   656 | D:1      | Reached XP level 3. HP: 20/40 MP: 3/3
  1308 | D:2      | Reached skill level 1 in Armour
  1442 | D:2      | Reached ** piety under Trog
  1771 | D:2      | Found a sparkling altar of Nemelex Xobeh.
  1838 | D:2      | Reached XP level 4. HP: 48/49 MP: 4/4
  2450 | D:3      | Reached skill level 5 in Maces & Flails
  2574 | D:3      | Found a bloodstained altar of Trog.
  2574 | D:3      | Found a basalt altar of Yredelemnul.
  2646 | D:3      | Found a runed translucent door.
  2647 | D:3      | Noticed yrara's ghost (amateur GrFi)
  2821 | D:3      | Found a stormy altar of Qazlal.
  2832 | D:3      | Noticed Ijyb
  2855 | D:3      | HP: 2/49 [Ijyb/+1 dagger of chaos (15)]
  2859 | D:3      | Succumbed to Ijyb's poison

Skill      XL: |  1  2  3  4 |
---------------+-------------+-----
Maces & Flails | 4 5 |  5.1
Armour         | 1 |  1.3
Fighting       | |  4.9
Dodging        | |  2.6

Action                   |  1- 3 |  4- 6 || total
-------------------------+-------+-------++-------
Melee: Mace              |   147 |    61 ||   208
       Unarmed           |       |     3 ||     3
Invok: Berserk           |       |     2 ||     2
       Trog's Hand       |       |     1 ||     1
 Stab: Confused          |       |     1 ||     1
  Eat: Chunk             |     3 |     5 ||     8
Armor: Animal skin       |    65 |    22 ||    87
       Skin              |       |     2 ||     2
Dodge: Dodged            |    99 |    36 ||   135
